 Dungeon Crawl Stone Soup version 0.17-a0-1850-g688e747 (webtiles) character file.

66 MartinZepigue the Insei (level 3, -5/29 HPs)
             Began as a Vampire Monk on Sept 18, 2015.
             Killed from afar by an orc wizard (7 damage)
             ... with a magic dart
             ... on level 3 of the Dungeon.
             The game lasted 00:18:22 (2586 turns).

MartinZepigue the Insei (Vampire Monk)              Turns: 2586, Time: 00:18:24

Health: -5/29      AC:  5    Str: 10    XL:     3   Next: 96%
Magic:  3/3        EV: 14    Int: 12    God:
Gold:   125        SH:  0    Dex: 17    Spells: 0 memorised, 2 levels left

rFire  . . .     SeeInvis +     j - +0 mace
rCold  . . .     Clarity  .     r - +1 robe
rNeg   + . .     SustAt   +     (no shield)
rPois  .         Gourm    .     s - +0 helmet
rElec  .         Spirit   .     (no cloak)
rCorr  .         Warding  .     y - +0 pair of gloves
rMut   .         Stasis   .     (no boots)
MR     .....                    (no amulet)
Stlth  +++.......               (no ring)
                                z - ring of sustain attributes

@: not resistant to hostile enchantments, fairly stealthy
A: fangs 3, see invisible, unbreathing
a: Bat Form


You were on level 3 of the Dungeon.
You were not thirsty.

You visited 1 branch of the dungeon, and saw 3 of its levels.

You collected 125 gold pieces.

Inventory:

Hand weapons
 c - a +0 hunting sling
 j - a +0 mace (weapon)
Missiles
 e - 42 bolts
 f - 102 stones (quivered)
 o - 15 arrows of flame
Armour
 a - a +0 robe
 l - a +0 scale mail
 r - a +1 robe (worn)
 s - a +0 helmet (worn)
 u - a +0 ring mail
 x - a +0 ring mail
 y - a +0 pair of gloves (worn)
Jewellery
 z - a ring of sustain attributes (left hand)
Magical devices
 A - a wand of slowing (14)
Scrolls
 d - a scroll of enchant armour
 i - a scroll of recharging
 q - 2 scrolls of identify
Potions
 b - a potion of degeneration {unknown}
 g - a potion of flight {unknown}
 k - 2 potions of lignification
 m - 2 potions of heal wounds {unknown}
 n - a potion of magic {unknown}
 p - a potion of agility {unknown}


   Skills:
 + Level 3.1 Fighting
 + Level 0.1 Maces & Flails
 + Level 0.5 Armour
 + Level 4.0 Dodging
 + Level 3.6 Stealth
 + Level 4.9 Unarmed Combat


You had 2 spell levels left.
You didn't know any spells.

Dungeon Overview and Level Annotations

Branches:
Dungeon (3/15)

Altars:
Cheibriados


Innate Abilities, Weirdness & Mutations

You have razor-sharp teeth.
You have supernaturally acute eyesight.
You can survive without breathing.


Message History

The orc wizard flickers and vanishes for a moment.
You hit the orc wizard.
The orc wizard is moderately wounded.
The orc wizard barely misses you.
The orc wizard hits you but does no damage.
You hit the orc wizard.
The orc wizard is moderately wounded.
The orc wizard barely misses you.
You closely miss the orc wizard.
The orc wizard is moderately wounded.
The orc wizard points at you and mumbles some strange words.
You resist with some effort.
You miss the orc wizard. Your bite misses the orc wizard.
The orc wizard is moderately wounded.
The orc wizard gestures at you while chanting.
The puff of flame hits you!
* * * LOW HITPOINT WARNING * * *
The orc wizard casts a spell at you. The magic dart hits you!
You die...

......>.....######
......#..h.h(....#
#.#....o........#
. #[......((....#
..##....r(.(.....#
.#...###b#########
..... #..###
......###...#
.......@oo..#
.##.#########


You could see an orc wizard (invisible) and an orc.

Vanquished Creatures
  2 adders (D:2)
  3 giant geckos
  An orc (D:3)
  A ball python (D:2)
  5 bats
  4 giant cockroaches
  3 goblins
  3 hobgoblins (D:1)
  4 jackals
  A quokka (D:2)
  A giant newt (D:2)
  9 kobolds
  5 rats
42 creatures vanquished.

Vanquished Creatures (others)
  A worm (D:2)
  A goblin (D:2)
  A kobold (D:2)
3 creatures vanquished.

Grand Total: 45 creatures vanquished

Notes
Turn   | Place    | Note
--------------------------------------------------------------
     0 | D:1      | MartinZepigue the Vampire Monk began the quest for the Orb.
     0 | D:1      | Reached XP level 1. HP: 17/17 MP: 1/1
   277 | D:1      | Reached XP level 2. HP: 17/23 MP: 2/2
   788 | D:1      | Reached XP level 3. HP: 29/29 MP: 3/3
  1463 | D:2      | Found a snail-covered altar of Cheibriados.
  2586 | D:3      | Killed from afar by an orc wizard

Vault maps used:
D:1:      tarquinn_simple_flora_water_a, corexii_item_surrounded_by_moat,
          nrook_mini_backslash
D:2:      lemuel_round_altar, lemuel_flame_loot_1
D:3:      lemuel_doored_altar, minmay_close_crescents, uniq_natasha, uniq_robin,
          uniq_sigmund

Action                   || total
-------------------------++-------
Melee: Unarmed           ||    53
       Mace              ||    91
 Abil: End Transformatio ||     2
       Bat Form          ||     2
  Use: Potion            ||     2
       Scroll            ||     7
 Stab: Sleeping          ||     3
       Distracted        ||     1
  Eat: Corpse            ||     8
